 Dungeon Crawl Stone Soup version 0.27.1-1-g398f81649c (webtiles) character file.

Game seed: 15565760567003912081

5778 MisterFreud the Shield-Bearer (level 10, -13/80 HPs)
             Began as a Gnoll Fighter on Sept 8, 2021.
             Was a High Priest of Ru.
             Killed from afar by a steam dragon (21 damage)
             ... with a ball of steam
             ... on level 8 of the Dungeon.
             The game lasted 00:13:07 (8460 turns).

MisterFreud the Shield-Bearer (Gnoll Fighter)       Turns: 8460, Time: 00:13:08

Health: -13/80     AC: 14    Str: 15    XL:     10   Next: 78%
Magic:  17/17      EV: 13    Int: 11    God:    Ru [*****.]
Gold:   348        SH: 10    Dex: 12    Spells: 19/19 levels left

rFire    . . .     SeeInvis .   y - +3 quick blade (flame)
rCold    + . .     Faith    .   c - +0 kite shield
rNeg     . . .     Spirit   .   b - +0 scale mail
rPois    .         Reflect  .   o - +0 helmet
rElec    .         Harm     .   (no cloak)
rCorr    .         Rampage  .   k - +2 pair of gloves
Will     .....                  h - +0 pair of boots
Stlth    +.........             (no amulet)
HPRegen  0.23/turn              m - +4 ring of evasion
MPRegen  0.15/turn              r - ring of protection from cold

@: studying Necromancy
A: fangs 1, inability to use devices, hated by all, unskilled 1, strong nose,
distributed training
a: Renounce Religion, Draw Out Power, Power Leap, Apocalypse


You were on level 8 of the Dungeon.
You worshipped Ru.
Ru was extremely pleased with you.
You visited 1 branch of the dungeon, and saw 8 of its levels.
You also visited: Ossuary.

You collected 348 gold pieces.

Inventory:

Hand Weapons
 a - a +0 rapier
 f - a +5 scimitar
 y - a +3 quick blade of flaming (weapon)
Missiles
 x - a throwing net
 C - 4 atropa-tipped darts
 F - 14 poisoned darts (quivered)
Armour
 b - a +0 scale mail (worn)
 c - a +0 kite shield (worn)
 h - a +0 pair of boots (worn)
 k - a +2 pair of gloves (worn)
 o - a +0 helmet (worn)
Jewellery
 j - a ring of fire
 m - a +4 ring of evasion (left hand)
 r - a ring of protection from cold (right hand)
 s - a ring of see invisible
 H - a ring of protection from fire
 I - a ring of magical power
Scrolls
 e - 5 scrolls of teleportation
 i - a scroll of amnesia
 n - a scroll of identify
 A - a scroll of torment {unknown}
 B - 2 scrolls of enchant weapon {unknown}
 D - 2 scrolls of vulnerability {unknown}
 G - a scroll of fear
Potions
 d - 2 potions of might
 g - a potion of degeneration {unknown}
 l - 5 potions of curing
 p - 2 potions of attraction
 q - 2 potions of ambrosia
 t - a potion of berserk rage {unknown}
 u - a potion of haste
 v - 5 potions of heal wounds
 w - 3 potions of brilliance
 z - 2 potions of invisibility {unknown}
 E - a potion of magic {unknown}


   Skills:
 + Level 7.9 Fighting
 + Level 6.6 Short Blades
 + Level 5.1 Long Blades
 + Level 5.1 Axes
 + Level 5.1 Maces & Flails
 + Level 5.1 Polearms
 + Level 5.1 Staves
 + Level 5.1 Slings
 + Level 5.1 Bows
 + Level 5.1 Crossbows
 + Level 5.1 Throwing
 + Level 7.9 Armour
 + Level 5.1 Dodging
 + Level 5.1 Stealth
 + Level 7.9 Shields
 + Level 5.1 Unarmed Combat
 + Level 5.1 Spellcasting
 + Level 4.2 Conjurations
 + Level 4.2 Hexes
   Level 3.4 Summonings
 + Level 4.8 Necromancy
 + Level 4.2 Translocations
 + Level 4.2 Transmutations
 + Level 4.2 Fire Magic
 + Level 4.2 Ice Magic
 + Level 4.2 Air Magic
 + Level 4.2 Earth Magic
 + Level 4.2 Poison Magic
 + Level 5.6 Invocations
   Level 0.0 Evocations


You had 19 spell levels left.
You didn't know any spells.
Your spell library contained the following spells:

 Spells                   Type           Power      Damage    Failure   Level
 Magic Dart               Conj           48%        1d5       30%         1
 Searing Ray              Conj           24%        3d4       43%         2
 Static Discharge         Conj/Air       12%        N/A       43%         2
 Fulminant Prism          Conj/Hex       6%         3d7       97%         4
 Lightning Bolt           Conj/Air       6%         1d18      100%        5
 Storm Form               Tmut/Air       6%         N/A       100%        7
 Maxwell's Capacitive Co  Air            6%         ∞         100%        8
 Summon Lightning Spire   Summ/Air       Unusable   N/A       N/A         4

Dungeon Overview and Level Annotations

Branches:
Dungeon (8/15)             Temple (0/1) D:5         Ossuary (visited)
   Lair: D:8-11

Altars:
Dithmenos
Hepliaklqana
Makhleb
Qazlal
Ru
Trog
Yredelemnul
Zin
The Shining One

Shops:
D:8 =

Annotations:
D:5 2 transporters, MeltyBlood's ghost, novice HONe
D:8 1 runed translucent door, Harold; MajorAdolf's ghost, novice NaWn


Innate Abilities, Weirdness & Mutations

You have very sharp teeth.
You cannot study or use magical devices.
You are hated by all.
You are somewhat unskilled. (-1 Apt)
Your uncanny sense of smell can sniff out nearby items.
Your experience applies equally to all skills.


Message History

You catch the helpless steam dragon completely off-guard!
You hit the steam dragon. You burn the steam dragon.
The steam dragon is severely wounded.
You are engulfed in a cloud of scalding steam.
Unknown command.
You are engulfed in a cloud of scalding steam.
The steam dragon breathes steam at you.
The ball of steam hits the steam dragon.
The steam dragon completely resists.
The ball of steam hits you but does no damage.
The steam dragon misses you. You block the steam dragon's attack.
The steam dragon bites you but does no damage.
The steam dragon misses you. The steam dragon breathes steam at you.
The ball of steam hits you.
Things that are here:
a +0 giant spiked club; a +0 giant spiked club You hit the steam dragon.
You burn the steam dragon.
The steam dragon is almost dead.
You hit the steam dragon but do no damage.
You bite the steam dragon, but do no damage.
The steam dragon is almost dead.
Harold drinks a potion.
Harold seems to speed up.
You hit the steam dragon but do no damage.
The steam dragon is almost dead.
The steam dragon breathes steam at you. The ball of steam hits you!
The steam dragon begins to attack, but is stunned by your conviction!
The steam dragon breathes steam at you. The ball of steam hits you!
* * * LOW HITPOINT WARNING * * *
You focus your inner power and paralyse something in retribution!
Really walk into that cloud of steam?
You are engulfed in a cloud of scalding steam.
* * * LOW HITPOINT WARNING * * *
Harold fires a harpoon shot at you. You block the harpoon shot.
The steam dragon breathes steam at you. The ball of steam hits you!!
You die...

.########### #.......##$#.#
.#.........####..>..###.#.####
...................####......#
......)....#####.....D#..!...#
.#........)÷.[.#..#§§.)...).(#
##....∩....###.....§D##....(.####
#.).......####...§.§...........#
#######.........§§..@.......((..
#..W.W#.....##.@§§.#.##....[†.(.
#)≈≈≈≈+......./..###.#######....
#.....#...<......###.# #....
###########........#.# #....
.................. .$...
####...#.#/#...... ##....
#..###.#...#..#. .....
....###..#.#../... .##..
.###.......#......


There were no monsters in sight!

Vanquished Creatures
  A two-headed ogre (D:8)
  Prince Ribbit (D:5)
  7 yaks
  A wyvern (D:4)
  Sigmund (D:4)
  A steam dragon (D:8)
  A water moccasin (D:6)
  An orc warrior (D:6)
  A sky beast (D:8)
  An ice beast (D:7)
  A centaur (D:8)
  An ogre (D:5)
  A necrophage (D:7)
  An elf zombie (D:4)
  A phantom (D:6)
  A kobold brigand (D:7)
  2 bullfrogs (D:7)
  A scorpion (D:7)
  4 elf skeletons (D:4)
  7 water moccasin zombies
  A water moccasin skeleton (D:4)
  6 killer bees (D:7)
  3 wights (D:7)
  2 howler monkeys
  2 bullfrog zombies (D:5)
  2 centaur zombies (D:5)
  A centaur skeleton (D:4)
  7 hounds
  A gnoll shaman (D:4)
  3 human skeletons (D:4)
  An iguana (D:5)
  2 orc wizards
  A hound skeleton (D:4)
  A hound zombie (D:5)
  2 mummies (Ossuary)
  Robin (D:3)
  5 gnolls (D:4)
  5 adders
  2 white imps
  An adder zombie (Ossuary)
  A worm (D:2)
  2 dart slugs (D:4)
  16 orcs
  8 ball pythons
  6 endoplasms
  3 giant cockroaches
  16 goblins
  11 hobgoblins
  3 quokkas
  6 bats
  3 frilled lizards
  5 gnoll zombies (Ossuary)
  7 hobgoblin zombies (Ossuary)
  12 kobolds
  4 kobold zombies (Ossuary)
  3 orc skeletons (D:4)
  6 orc zombies (Ossuary)
  A quokka skeleton (D:4)
  A rat (D:2)
199 creatures vanquished.

Vanquished Creatures (others)
  A two-headed ogre (D:8)
  A yak (D:5)
  A sky beast (D:8)
  A black bear (D:4)
  A wight (D:7)
5 creatures vanquished.

Grand Total: 204 creatures vanquished

Notes
Turn   | Place    | Note
-------+----------+-------------------------------------------
     0 | D:1      | MisterFreud the Gnoll Fighter began the quest for the Orb.
     0 | D:1      | Reached XP level 1. HP: 23/23 MP: 1/1
   111 | D:1      | Found a faded altar of an unknown god.
   204 | D:1      | Reached XP level 2. HP: 29/29 MP: 2/2
   773 | D:1      | Became a worshipper of Ru the Awakened
   777 | D:1      | Gained mutation: You are somewhat unskilled. (-1 Apt) [Ru
                  | sacrifice]
   777 | D:1      | Reduced skill Fighting to level 5
   777 | D:1      | Reduced skill Armour to level 5
   777 | D:1      | Reduced skill Shields to level 5
   777 | D:1      | Reached * piety under Ru
  1053 | D:2      | Reached XP level 3. HP: 32/34 MP: 3/3
  1613 | D:2      | Reached skill level 1 in Invocations
  1978 | D:3      | Found a glowing golden altar of the Shining One.
  1989 | D:3      | Reached XP level 4. HP: 40/40 MP: 5/5
  2013 | D:3      | Noticed Robin
  2029 | D:3      | Reached skill level 1 in Long Blades
  2029 | D:3      | Reached skill level 1 in Axes
  2029 | D:3      | Reached skill level 1 in Maces & Flails
  2029 | D:3      | Reached skill level 1 in Polearms
  2029 | D:3      | Reached skill level 1 in Staves
  2029 | D:3      | Reached skill level 1 in Slings
  2029 | D:3      | Reached skill level 1 in Bows
  2029 | D:3      | Reached skill level 1 in Crossbows
  2029 | D:3      | Reached skill level 1 in Throwing
  2029 | D:3      | Reached skill level 1 in Dodging
  2029 | D:3      | Reached skill level 1 in Stealth
  2029 | D:3      | Reached skill level 1 in Unarmed Combat
  2029 | D:3      | Reached skill level 1 in Spellcasting
  2029 | D:3      | Reached skill level 1 in Evocations
  2054 | D:3      | Killed Robin
  2522 | D:3      | Found a stormy altar of Qazlal.
  2871 | D:4      | Reached skill level 1 in Conjurations
  2871 | D:4      | Reached skill level 1 in Hexes
  2871 | D:4      | Reached skill level 1 in Summonings
  2871 | D:4      | Reached skill level 1 in Necromancy
  2871 | D:4      | Reached skill level 1 in Translocations
  2871 | D:4      | Reached skill level 1 in Transmutations
  2871 | D:4      | Reached skill level 1 in Fire Magic
  2871 | D:4      | Reached skill level 1 in Ice Magic
  2871 | D:4      | Reached skill level 1 in Air Magic
  2871 | D:4      | Reached skill level 1 in Earth Magic
  2871 | D:4      | Reached skill level 1 in Poison Magic
  2871 | D:4      | Reached XP level 5. HP: 39/46 MP: 5/7
  2895 | D:4      | Reached XP level 6. HP: 35/52 MP: 8/8
  3131 | D:4      | Reached XP level 7. HP: 55/58 MP: 8/10
  3164 | D:4      | Found a sand-covered staircase.
  3169 | Ossuary  | Entered an ossuary
  3750 | D:4      | Reached XP level 8. HP: 55/65 MP: 11/11
  3758 | D:4      | Gained mutation: You are hated by all. [Ru sacrifice]
  3758 | D:4      | Reached ** piety under Ru
  3758 | D:4      | Reached *** piety under Ru
  3922 | D:4      | Reached skill level 5 in Short Blades
  4215 | D:4      | Noticed Sigmund
  4228 | D:4      | Killed Sigmund
  4495 | D:4      | Noticed a wyvern
  4648 | D:4      | Reached skill level 1 in Summonings
  4785 | D:4      | Killed a wyvern
  4850 | D:5      | Entered Level 5 of the Dungeon
  5019 | D:5      | Reached XP level 9. HP: 67/72 MP: 14/14
  5058 | D:5      | Noticed Prince Ribbit
  5170 | D:5      | Killed Prince Ribbit
  5823 | D:5      | Found a glowing silver altar of Zin.
  5850 | D:5      | Found a transporter.
  5851 | D:5      | Noticed MeltyBlood's ghost (novice HONe)
  5860 | D:5      | Found a transporter.
  5929 | D:5      | Found a staircase to the Ecumenical Temple.
  6266 | D:6      | Found a shadowy altar of Dithmenos.
  6478 | D:6      | Found a burning altar of Makhleb.
  6583 | D:6      | Found a bloodstained altar of Trog.
  6817 | D:6      | Gained mutation: You cannot study or use magical devices.
                  | [Ru sacrifice]
  6817 | D:6      | Reached **** piety under Ru
  6817 | D:6      | Reached ***** piety under Ru
  7192 | D:7      | Reached XP level 10. HP: 77/79 MP: 16/16
  7451 | D:7      | Reached skill level 5 in Invocations
  7921 | D:8      | Found a runed translucent door.
  7921 | D:8      | Found Zyov's Jewellery Shop.
  7939 | D:8      | Noticed MajorAdolf's ghost (novice NaWn)
  8266 | D:8      | Noticed a two-headed ogre
  8281 | D:8      | Killed a two-headed ogre
  8373 | D:8      | Noticed a two-headed ogre
  8385 | D:8      | Killed a two-headed ogre
  8386 | D:8      | Reached skill level 5 in Long Blades
  8386 | D:8      | Reached skill level 5 in Axes
  8386 | D:8      | Reached skill level 5 in Maces & Flails
  8386 | D:8      | Reached skill level 5 in Polearms
  8386 | D:8      | Reached skill level 5 in Staves
  8386 | D:8      | Reached skill level 5 in Slings
  8386 | D:8      | Reached skill level 5 in Bows
  8386 | D:8      | Reached skill level 5 in Crossbows
  8386 | D:8      | Reached skill level 5 in Throwing
  8386 | D:8      | Reached skill level 5 in Dodging
  8386 | D:8      | Reached skill level 5 in Stealth
  8386 | D:8      | Reached skill level 5 in Unarmed Combat
  8386 | D:8      | Reached skill level 5 in Spellcasting
  8431 | D:8      | Noticed Harold
  8460 | D:8      | Killed from afar by a steam dragon

Illustrated notes

Levels and vault maps discovered:
D:1:      dpeg_arrival_morbid_curiosity, layout_loops_ring,
          hellmonk_ecumenical_altar_blasted
D:2:      layout_loops_cross, kennysheep_flooded_box, kennysheep_generic_room_13
D:3:      layout_loops_ring, nicolae_tso_swordbearing_angel,
          grunt_qazlal_sundering, uniq_robin
D:4:      minmay_clustersquares, layout_loops_ring,
          nicolae_ossuary_entry_catacombs, minmay_liquid_box,
          kennysheep_generic_room_2, uniq_sigmund
D:5:      layout_basic, mainiacjoe_overflow_six_doors_small,
          nicolae_yredelemnul_corpse_copse, zin_scriptorium, temple_hall,
          gammafunk_ghost_smash, hangedman_decor_peaks_small,
          chequers_serial_rivers_small_3, due_unseen_surprise,
          uniq_prince_ribbit1
D:6:      layout_loops_ring, old_standard_altar,
          mainiacjoe_overflow_concentric_impassable,
          nicolae_dithmenos_the_darkroom, grunt_decor_arrowhead
D:7:      layout_basic, grunt_ministairs_2
D:8:      layout_rooms, fedhas_altar_fruit_tree, nicolae_uskayaw_en_pointe,
          serial_shops, shop, ebering_ghost_reflecting_pool,
          hangedman_misty_isle, uniq_harold

Skill      XL: |  1  2  3  4  5  6  7  8  9 10 |
---------------+-------------------------------+-----
Fighting       | 5 6 7 |  7.9
Armour         | 5 6 7 |  7.9
Shields        | 5 6 7 |  7.9
Invocations    | 1 2 3 4 5 |  5.6
Long Blades    | 1 2 3 4 5 |  5.1
Axes           | 1 2 3 4 5 |  5.1
Maces & Flails | 1 2 3 4 5 |  5.1
Polearms       | 1 2 3 4 5 |  5.1
Staves         | 1 2 3 4 5 |  5.1
Slings         | 1 2 3 4 5 |  5.1
Bows           | 1 2 3 4 5 |  5.1
Crossbows      | 1 2 3 4 5 |  5.1
Throwing       | 1 2 3 4 5 |  5.1
Dodging        | 1 2 3 4 5 |  5.1
Stealth        | 1 2 3 4 5 |  5.1
Unarmed Combat | 1 2 3 4 5 |  5.1
Spellcasting   | 1 2 3 4 5 |  5.1
Evocations     | 1 2 3 0 |  0.0
Conjurations   | 1 2 3 4 |  4.2
Hexes          | 1 2 3 4 |  4.2
Summonings     | 1 2 1 2 3 |  3.4
Necromancy     | 1 2 3 4 |  4.8
Translocations | 1 2 3 4 |  4.2
Transmutations | 1 2 3 4 |  4.2
Fire Magic     | 1 2 3 4 |  4.2
Ice Magic      | 1 2 3 4 |  4.2
Air Magic      | 1 2 3 4 |  4.2
Earth Magic    | 1 2 3 4 |  4.2
Poison Magic   | 1 2 3 4 |  4.2
Short Blades   | 5 6 |  6.6

Action                   |  1- 3 |  4- 6 |  7- 9 | 10-12 || total
-------------------------+-------+-------+-------+-------++-------
Melee: Rapier            |   131 |   175 |   394 |       ||   700
       Bite              |    16 |    23 |    88 |    23 ||   150
       Quick blade       |       |       |   396 |   254 ||   650
Throw: Dart              |       |       |     4 |     7 ||    11
Invok: Sacrifice Skill   |     1 |       |       |       ||     1
       Sacrifice Love    |       |       |     1 |       ||     1
       Sacrifice Artific |       |       |     1 |       ||     1
Evoke: Wand              |       |       |     3 |       ||     3
  Use: Scroll            |       |       |     9 |       ||     9
       Potion            |       |       |     2 |       ||     2
 Stab: Invisible         |       |       |     2 |       ||     2
       Distracted        |       |       |     1 |     1 ||     2
Armor: Scale mail        |    47 |    62 |   169 |    53 ||   331
Dodge: Dodged            |    38 |    61 |   237 |    61 ||   397
Block: Kite shield       |    56 |    55 |   256 |    75 ||   442
